Map: Romanticide LE

Players

uThermal - Winner!

  • Race: Terran Terran

ziGGy

  • Race: Terran Terran

Event: DreamHack SC2 Masters 2021 Fall

VOD

Have the link to the VOD?

Description

Time

  • Played on: Aug. 7, 2021, 11:41 a.m.
  • Length: 7:40

All games in this series

Show
View Real Time Build Order
Export as new Build Order

uThermal Terran - Winner!

Build Orders:  

Get SALT Encoding   

  12  0:00  SCV  
  13  0:12  SCV  
  14  0:17  Supply Depot  
  14  0:24  SCV  
  15  0:38  SCV  
  15  0:39  Barracks  
  16  0:43  Refinery  
  16  0:51  SCV  
  16  0:52  Refinery  
  17  1:03  SCV  
  18  1:15  SCV  
  19  1:26  Reaper  
  19  1:27  Orbital Command  
  19  1:28  Supply Depot  
  20  1:43  Factory  
  20  1:53  SCV  
  21  1:59  Barracks Reactor  
  21  2:05  SCV  
  22  2:17  SCV  
  23  2:23  Command Center  
  23  2:29  Hellion  
  25  2:35  Reaper x2  
  25  2:36  SCV  
  28  2:42  Supply Depot  
  28  2:49  SCV  
  28  2:51  Hellion  
  31  2:58  Starport  
  31  3:04  SCV  
  32  3:07  Reaper  
  32  3:08  Reaper  
  34  3:14  Hellion  
  34  3:16  SCV  
  37  3:25  Refinery  
  37  3:28  SCV  
  38  3:35  Factory Tech Lab  
  38  3:36  Orbital Command  
  38  3:39  Marine x2  
  40  3:42  Starport Tech Lab  
  40  3:43  SCV  
  41  3:55  SCV  
  42  3:56  Cyclone  
  42  3:57  Marine  
  42  3:58  Marine  
  42  4:01  SCV  
  48  4:07  SCV, Raven  
  51  4:13  SCV  
  51  4:14  Supply Depot  
  51  4:15  Marine  
  51  4:18  Marine  
  51  4:20  SCV  
  53  4:27  Supply Depot  
  53  4:33  Marine  
  53  4:36  Marine, Siege Tank  
  58  4:38  SCV  
  58  4:42  Supply Depot  
  59  4:50  SCV, Raven  
  59  4:51  SCV  
  63  4:52  Marine  
  63  4:53  Marine  
  63  4:59  Supply Depot  
  65  5:02  SCV  
  65  5:03  SCV  
  66  5:08  Siege Tank  
  66  5:10  Marine  
  66  5:11  Marine  
  71  5:14  SCV  
  71  5:15  SCV  
  71  5:21  Supply Depot  
  73  5:26  SCV  
  73  5:27  SCV  
  74  5:34  Supply Depot  
  75  5:38  SCV  
  75  5:39  SCV  
  75  5:40  Siege Tank  
  78  5:47  Viking  
  78  5:48  Marine, Viking  
  81  5:50  SCV  
  81  5:51  SCV  
  83  6:03  SCV  
  85  6:09  Command Center  
  84  6:14  Siege Tank  
  87  6:19  SCV  
  87  6:20  SCV  
  87  6:21  Refinery  
  89  6:26  Viking  
  67  6:45  Viking  
  67  6:46  Siege Tank  
  69  6:48  SCV  
  69  6:52  SCV  
  68  6:54  Barracks  
  68  6:55  Barracks  
  68  7:00  SCV  
  69  7:06  SCV  
  67  7:12  SCV  
  70  7:18  SCV  
  76  7:24  SCV  
  78  7:36  Engineering Bay  
  79  7:37  Engineering Bay  
Show
View Real Time Build Order
Export as new Build Order

ziGGy Terran 

Build Orders: 1/1/1 

Get SALT Encoding   

  12  0:00  SCV  
  13  0:12  SCV  
  14  0:17  Supply Depot  
  14  0:24  SCV  
  15  0:29  Refinery  
  15  0:38  SCV  
  16  0:43  Barracks  
  16  0:50  SCV  
  16  0:54  Refinery  
  17  1:03  SCV  
  18  1:15  SCV  
  19  1:31  Orbital Command, Factory  
  19  1:35  Reaper  
  20  1:52  Supply Depot  
  20  1:58  SCV  
  21  2:07  Barracks Reactor  
  20  2:10  SCV  
  20  2:15  Hellion  
  23  2:20  Starport  
  23  2:23  SCV  
  24  2:33  Supply Depot  
  24  2:36  Hellion  
  26  2:38  SCV  
  26  2:43  Reaper  
  26  2:44  Reaper  
  29  2:54  SCV  
  29  2:58  Hellion  
  32  3:00  Medivac  
  34  3:15  Reaper  
  34  3:16  Reaper  
  34  3:19  Hellion  
  38  3:33  Command Center  
  38  3:39  Supply Depot  
  38  3:40  Factory Tech Lab  
  38  3:42  Starport Tech Lab  
  38  3:45  SCV  
  36  3:59  Marine x2  
  36  4:00  Refinery  
  38  4:03  Cyclone  
  41  4:13  Raven  
  41  4:16  SCV  
  44  4:27  Marine x2  
  44  4:28  SCV  
  47  4:44  Siege Tank  
  49  4:47  Orbital Command  
  49  4:50  SCV  
  49  4:51  Marine x2  
  50  5:02  SCV  
  50  5:05  Raven  
  53  5:13  SCV  
  54  5:14  SCV  
  54  5:16  Siege Tank  
  58  5:25  SCV  
  55  5:35  SCV  
  52  5:37  SCV  
  52  5:39  Command Center  
  53  5:47  SCV  
  54  5:50  Siege Tank  
  54  5:53  SCV  
  58  5:57  Refinery  
  58  5:59  SCV  
  59  6:05  SCV, Supply Depot  
  59  6:06  Engineering Bay  
  60  6:11  SCV  
  60  6:15  Viking x2  
  60  6:17  SCV  
  66  6:23  SCV  
  62  6:33  SCV  
  62  6:37  SCV  
  45  6:40  Siege Tank  
  45  6:45  SCV  
  46  6:49  SCV  
  46  6:50  Viking x2  
  42  7:01  Orbital Command  
  42  7:02  SCV  
  42  7:05  SCV  
  39  7:14  SCV  

Tags
 
Add a new tag
Caveats
  • Supply blocks, unpowered buildings, or Contaminate may cause inaccurate times.
  • Supply counts are checked every 10 seconds.